 Dungeon Crawl Stone Soup version 0.19-a0-475-gfca3800 (webtiles) character file.

55898 mistymad the Unseen (level 14, 0/109 HPs)
             Began as a Vampire Enchanter on June 4, 2016.
             Was an Elder of Ashenzari.
             Slain by a fire elemental (13 damage)
             ... led by Azrael
             ... on level 12 of the Dungeon.
             The game lasted 01:30:03 (23780 turns).

mistymad the Unseen (Vampire Enchanter)            Turns: 23780, Time: 01:30:04

Health: 0/109      AC:  7    Str:  7    XL:     14   Next: 40%
Magic:  22/28      EV: 22    Int: 18    God:    Ashenzari [****..]
Gold:   1286       SH:  0    Dex: 19    Spells: 6 memorised, 16 levels left

rFire  . . .     SeeInvis +     U - +2 dagger (venom)
rCold  + + +     Gourm    .     b - +1 robe
rNeg   + + +     Faith    .     (no shield)
rPois  +         Spirit   .     (no helmet)
rElec  .         Dismiss  .     O - +0 cloak
rCorr  .         Reflect  .     R - +0 pair of gloves
SustAt .         Harm     .     w - +1 pair of boots of the Nine Gods {rPois Regen+} (curse)
MR     +....     Clarity  +     (no amulet)
Stlth  +++++++++.               y - ring of protection from cold
                                s - ring of stealth

@: about to teleport, regenerating slowly, somewhat resistant to hostile
enchantments, incredibly stealthy
A: fangs 3, see invisible, unbreathing
a: Bat Form, Curse Item, Scrying, Renounce Religion


You were on level 12 of the Dungeon.
You worshipped Ashenzari.
Ashenzari was greatly pleased with you.
You were near bloodless.

You visited 3 branches of the dungeon, and saw 21 of its levels.

You collected 1575 gold pieces.
You spent 289 gold pieces at shops.

Inventory:

Hand Weapons
 C - a +2 dagger of electrocution
 U - a +2 dagger of venom (weapon)
Missiles
 o - a throwing net (quivered)
Armour
 b - a +1 robe (worn)
 w - the cursed +1 pair of boots of the Nine Gods (worn) {rPois Regen+}
   (You bought it in a shop on level 5 of the Dungeon)

   It protects you from poison.
   It increases your rate of regeneration.
   It has a curse placed upon it.
 O - a +0 cloak (worn)
 R - a +0 pair of gloves (worn)
Jewellery
 s - a ring of stealth (left hand)
 y - a ring of protection from cold (right hand)
 D - an uncursed ring of fire
 Q - an uncursed ring of protection from cold
Wands
 a - a wand of acid (8/15)
 F - a wand of enslavement (5/24)
 J - a wand of teleportation (6/9)
 L - a wand of digging (10/24)
 S - a wand of iceblast (0/15)
 T - a wand of slowing (19/48)
Scrolls
 c - a scroll of blinking
 e - 8 scrolls of recharging
 f - 13 scrolls of remove curse
 h - 5 scrolls of teleportation
 k - 4 scrolls of magic mapping
 p - 2 scrolls of fog
 q - 4 scrolls of fear
 t - 2 scrolls of enchant weapon
 u - 3 scrolls of brand weapon {unknown}
 z - 3 scrolls of amnesia
 I - a scroll of enchant armour
Potions
 d - 22 potions of blood
 g - 6 potions of haste {unknown}
 i - 8 potions of curing
 j - 5 potions of heal wounds {unknown}
 l - 4 potions of might {unknown}
 m - 2 potions of ambrosia {unknown}
 n - 5 potions of berserk rage {unknown}
 r - 5 potions of agility {unknown}
 x - 2 potions of cancellation {unknown}
 B - 3 potions of degeneration {unknown}
 E - 4 potions of brilliance {unknown}
 G - 3 potions of flight {unknown}
 K - 2 potions of lignification {unknown}
 M - 2 potions of invisibility {unknown}
 V - a potion of mutation {unknown}


   Skills:
 + Level 9.7 Fighting
 - Level 11.1 Short Blades
 + Level 11.6 Dodging
 + Level 16.4 Stealth
 + Level 10.1 Spellcasting
 + Level 14.8 Hexes


You had 16 spell levels left.
You knew the following spells:

 Your Spells              Type           Power        Failure   Level  Hunger
a - Corona                Hex            ######.      1%          1    None
b - Ensorcelled Hibernat  Hex/Ice        #####.       1%          2    None
c - Confuse               Hex            ######..     1%          3    None
d - Tukima's Dance        Hex            ######..     1%          3    None
e - Dazzling Spray        Conj/Hex       #####.       1%          3    None
f - Silence               Hex/Air        #####.....   14%         5    #####..


Dungeon Overview and Level Annotations

Branches:
Dungeon (12/15)            Temple (1/1) D:7            Lair (8/8) D:9
 Shoals (0/4) Lair:4       Spider (0/4) Lair:6        Slime (0/6) Lair:6
    Orc (0/2) D:9

Altars:
Ashenzari
Cheibriados
Dithmenos
Elyvilon
Fedhas
Gozag
Hepliaklqana
Kikubaaqudgha
Makhleb
Nemelex Xobeh
Okawaru
Pakellas
Qazlal
Ru
Sif Muna
Trog
Uskayaw
Vehumet
Xom
Yredelemnul
Zin
The Shining One
Jiyva

Shops:
D:5 [   D:10 [

Annotations:
D:12 Azrael


Innate Abilities, Weirdness & Mutations

You heal slowly.
You have razor-sharp teeth.
You have supernaturally acute eyesight. (SInv)
You can survive without breathing.


Message History

You take 11 damage, and have 62/109 hp.
The hell hound breathes flames at you.
The blast of flame hits the fire elemental.
The fire elemental completely resists.
The blast of flame hits you!
Azrael howls in rage.
You take 16 damage, and have 46/109 hp.
Azrael's eyes look fiery.
There is an open door here.
The fire elemental hits you. The fire elemental burns you!
You take 12 damage, and have 34/109 hp.
As you read the scroll of teleportation, it crumbles to dust.
You feel strangely unstable. The fire elemental misses you.
Azrael gestures at you.
The bolt of fire hits the fire elemental.
The fire elemental completely resists.
The bolt of fire hits you!
* * * LOW HITPOINT WARNING * * *
You take 27 damage, and have 7/109 hp.
MASSIVE DAMAGE!!
You feel better. The fire elemental misses you. The fire elemental hits you.
The fire elemental burns you!
You die...

....##.........##.(......#
, ,,
....##.........##.)......#
*
.........................#*
, *
...............##.....####
****
...............##.<...#
......................# +
......................# ,
......................#
................@.....#
...............RE.....#
###############§####### ,
.§..§§....h{{§§h......., *
** ,
§§§§......E{###........ *,
,, §§§§§.....§§# #........
, , ,, ###.§§.....§#
#........, , , , ,
#h.§......# #.......#,* ,
,, #....#....# #.......# ,,
,


You could see Azrael, a fire elemental and a hell hound.

Vanquished Creatures
  Josephine (Lair:5)
  5 hydras
  A catoblepas (Lair:8)
  4 death yaks
  Urug (D:10)
  A deep troll shaman (Lair:8)
  A fire crab (Lair:8)
  The ghost of Emanloe the Protected, a novice MiBe of Trog (D:9)
  The ghost of Emanloe the Protected, a novice FoFi of Xom (D:7)
  An unseen horror (D:11)
  A griffon (Lair:6)
  3 ugly things (D:11)
  Maurice (D:10)
  A cyclops (D:10)
  A black mamba (Lair:7)
  2 molten gargoyles (Lair:3)
  9 elephants
  12 spiny frogs
  A kobold demonologist (D:12)
  A centaur skeleton (D:10)
  5 rime drakes
  5 komodo dragons
  A queen bee (Lair:7)
  3 polar bears (Lair:5)
  2 trolls
  A boulder beetle (Lair:4)
  6 slime creatures (D:12)
  43 blink frogs
  A shadow (D:11)
  The ghost of p0werm0de the Skirmisher, an amateur CeCK of Xom (D:4)
  A vampire (D:11)
  4 wraiths (Lair:5)
  28 yaks
  A fire elemental (D:12)
  A human (D:8)
  3 wyverns
  5 basilisks
  A steam dragon (Lair:3)
  15 hippogriffs
  Menkaure (D:6)
  A mottled dragon (D:11)
  10 water moccasins
  A hell hound (D:12)
  18 porcupines
  A phantom (D:8)
  4 orc warriors (D:9)
  6 ogres
  5 black bears
  4 ice beasts
  A wasp (D:10)
  4 necrophages
  A sky beast (D:11)
  13 wolves
  2 centaurs
  13 crocodiles
  4 big kobolds
  Blork the orc (D:6)
  22 giant frogs
  2 wyvern skeletons
  7 scorpions
  35 killer bees
  A howler monkey (D:5)
  5 lava snakes (Lair:3)
  2 crimson imps
  2 centaur zombies
  2 quasits
  4 jellies
  A giant frog zombie (D:5)
  4 orc priests
  2 giant frog skeletons
  7 hounds
  12 orc wizards
  Terence (D:3)
  Ijyb (D:2)
  7 iguanas
  13 worker ants
  27 sheep
  2 hound skeletons
  2 worker ant zombies (D:6)
  2 howler monkey skeletons
  10 adders
  4 gnolls (D:5)
  39 river rats
  3 shadow imps
  An ooze (D:4)
  An adder zombie (D:7)
  3 worms
  2 dart slugs (D:1)
  7 giant geckos
  36 orcs
  4 giant cockroaches
  6 goblins
  9 hobgoblins
  13 jackals
  18 kobolds
  4 quokkas
  5 ball pythons
  12 bats
  A giant cockroach zombie (D:5)
  A giant gecko skeleton (D:5)
  2 giant gecko zombies
  3 giant newts (D:6)
  A quokka skeleton (D:5)
  A quokka zombie (D:6)
  5 rats
  A fungus (Lair:7)
621 creatures vanquished.

Vanquished Creatures (collateral kills)
  A killer bee (Lair:7)
1 creature vanquished.

Vanquished Creatures (others)
  2 bushes (D:6)
  15 fungi
  22 plants
39 creatures vanquished.

Grand Total: 661 creatures vanquished

Notes
Turn   | Place    | Note
--------------------------------------------------------------
     0 | D:1      | mistymad the Vampire Enchanter began the quest for the Orb.
     0 | D:1      | Reached XP level 1. HP: 13/13 MP: 3/3
   496 | D:1      | Reached XP level 2. HP: 20/20 MP: 5/5
   500 | D:1      | Learned a level 2 spell: Ensorcelled Hibernation
  1153 | D:1      | Reached skill level 5 in Stealth
  1199 | D:2      | Reached XP level 3. HP: 17/25 MP: 3/6
  1455 | D:2      | Noticed Ijyb
  1456 | D:2      | Killed Ijyb
  1492 | D:2      | Reached skill level 1 in Fighting
  1519 | D:2      | Found an opulent altar of Gozag.
  1532 | D:2      | Reached XP level 4. HP: 32/32 MP: 7/7
  1665 | D:2      | Found a shadowy altar of Dithmenos.
  2129 | D:2      | Found a hide-covered altar of Uskayaw.
  2144 | D:2      | Found a sacrificial altar of Ru.
  2175 | D:2      | Found a hazy altar of Hepliaklqana.
  2179 | D:2      | Found a deep blue altar of Sif Muna.
  2179 | D:2      | Found a white marble altar of Elyvilon.
  2179 | D:2      | Found a shattered altar of Ashenzari.
  2192 | D:2      | Became a worshipper of Ashenzari the Shackled
  2870 | D:3      | Noticed Terence
  2879 | D:3      | Killed Terence
  2879 | D:3      | Reached XP level 5. HP: 37/37 MP: 3/8
  2886 | D:3      | Learned a level 3 spell: Confuse
  2890 | D:3      | Learned a level 3 spell: Tukima's Dance
  3054 | D:4      | Noticed p0werm0de's ghost (amateur CeCK)
  3066 | D:4      | Found a shimmering altar of Xom.
  3070 | D:4      | Found a shimmering altar of Xom.
  3071 | D:4      | Found a shimmering altar of Xom.
  3072 | D:4      | Found a shimmering altar of Xom.
  3081 | D:4      | Found a shimmering altar of Xom.
  3179 | D:4      | Reached skill level 5 in Hexes
  3215 | D:4      | Reached skill level 6 in Stealth
  3388 | D:4      | Noticed an ogre
  3437 | D:4      | Killed an ogre
  3437 | D:4      | Reached XP level 6. HP: 30/44 MP: 2/10
  4017 | D:4      | Killed p0werm0de's ghost
  4017 | D:4      | Reached XP level 7. HP: 37/51 MP: 4/12
  4109 | D:4      | Reached skill level 7 in Stealth
  4391 | D:5      | Entered Level 5 of the Dungeon
  4910 | D:5      | Found a sparkling altar of Nemelex Xobeh.
  5034 | D:5      | Found a stormy altar of Qazlal.
  5126 | D:5      | Found a burning altar of Makhleb.
  5154 | D:5      | Reached XP level 8. HP: 58/58 MP: 9/13
  5229 | D:5      | Found Coenages's Armour Emporium.
  5232 | D:5      | Bought the +1 pair of boots of the Nine Gods {rPois Regen+} for 289 gold pieces
  5603 | D:6      | Noticed Menkaure
  5647 | D:6      | Reached skill level 5 in Dodging
  5674 | D:6      | Reached * piety under Ashenzari
  5758 | D:6      | Noticed Blork the orc
  5900 | D:6      | Reached skill level 8 in Stealth
  6151 | D:6      | Killed Blork the orc
  6221 | D:6      | Reached skill level 5 in Short Blades
  6518 | D:6      | Found a blossoming altar of Fedhas.
  6796 | D:7      | Reached XP level 9. HP: 65/65 MP: 16/16
  6858 | D:7      | Reached skill level 9 in Stealth
  6922 | D:7      | Found an oddly glowing altar of Pakellas.
  7002 | D:7      | Noticed Emanloe's ghost (novice FoFi)
  7024 | D:7      | Killed Emanloe's ghost
  7024 | D:7      | Reached skill level 5 in Spellcasting
  7365 | D:7      | Found a staircase to the Ecumenical Temple.
  7385 | Temple   | Entered the Ecumenical Temple
  7751 | D:8      | Reached skill level 10 in Stealth
  8180 | D:8      | Reached skill level 5 in Fighting
  8553 | D:6      | Killed Menkaure
  8571 | D:6      | Identified the Handbook of Envenoming
  8942 | D:8      | Reached XP level 10. HP: 70/74 MP: 1/18
  9514 | D:9      | Learned a level 3 spell: Dazzling Spray
  9545 | D:9      | Found a staircase to the Lair.
 10131 | D:9      | Noticed Emanloe's ghost (novice MiBe)
 10561 | D:9      | Reached ** piety under Ashenzari
 10570 | D:9      | Found a staircase to the Orcish Mines.
 10638 | D:9      | Reached skill level 11 in Stealth
 10715 | D:9      | Killed Emanloe's ghost
 10824 | D:9      | Reached skill level 10 in Hexes
 10863 | D:9      | Found a shimmering altar of Xom.
 10863 | D:9      | Found a glowing silver altar of Zin.
 10864 | D:9      | Noticed an angel
 11010 | D:10     | Entered Level 10 of the Dungeon
 11157 | D:10     | Noticed Urug
 11177 | D:10     | Killed Urug
 11177 | D:10     | Reached XP level 11. HP: 81/81 MP: 9/21
 11357 | D:10     | Noticed Maurice
 11369 | D:10     | Killed Maurice
 11577 | D:10     | Found Xito's Antique Armour Shop.
 11749 | Lair:1   | Entered Level 1 of the Lair of Beasts
 11913 | Lair:1   | Reached skill level 12 in Stealth
 11972 | Lair:1   | Learned a level 5 spell: Silence
 13630 | Lair:3   | HP: 1/84 [hippogriff (5)]
 13952 | Lair:2   | Reached skill level 13 in Stealth
 14262 | Lair:3   | Reached XP level 12. HP: 66/91 MP: 2/23
 14828 | Lair:3   | Noticed a five-headed hydra
 14835 | Lair:3   | Killed a five-headed hydra
 15308 | Lair:4   | Reached *** piety under Ashenzari
 15605 | Lair:4   | Found a staircase to the Shoals.
 15774 | Lair:4   | Reached skill level 14 in Stealth
 15967 | Lair:4   | Reached skill level 10 in Dodging
 16239 | Lair:4   | Noticed a death yak
 16649 | Lair:5   | Noticed Josephine
 17031 | Lair:5   | Reached skill level 10 in Short Blades
 17268 | Lair:5   | Reached XP level 13. HP: 98/98 MP: 9/25
 17392 | Lair:5   | Killed Josephine
 17816 | Lair:6   | Found a hole to the Spider Nest.
 18123 | Lair:6   | Found a viscous altar of Jiyva.
 18123 | Lair:6   | Found a staircase to the Slime Pits.
 18557 | Lair:6   | Reached **** piety under Ashenzari
 18634 | Lair:6   | Reached skill level 15 in Stealth
 20821 | Lair:8   | Entered Level 8 of the Lair of Beasts
 21727 | Lair:8   | Reached XP level 14. HP: 108/108 MP: 27/27
 22220 | Lair:8   | Reached skill level 16 in Stealth
 22869 | D:11     | Reached skill level 10 in Spellcasting
 23358 | D:11     | Found a sparkling altar of Nemelex Xobeh.
 23747 | D:12     | Noticed Azrael
 23780 | D:12     | Slain by a fire elemental

Vault maps used:
D:1:      dpeg_arrival_round_c, minmay_liquid_box
D:2:      minitemple, lemuel_doored_altar,
          nicolae_gozag_cash_rules_everything_around_me, uniq_iyjb
D:3:      uniq_terence
D:4:      first_bread, xom_redecorated
D:5:      grunt_temple_overflow_open, nemelex_deck, serial_shops, shop,
          kennysheep_potato
D:6:      fedhas_altar_decomposition, uniq_blork_the_orc, uniq_menkaure
D:7:      minmay_temple_entry_grid, grunt_pakellas_salt
D:8:      grunt_livestock
D:9:      grunt_temple_overflow_order_and_chaos_1, lair_0_dummy, david_orc_4
D:10:     serial_shops, shop, uniq_maurice, uniq_urug
D:11:     nemelex_diamond_rough_becter
D:12:     minivault_23, kennysheep_opposing_triangles, uniq_azrael
Temple:   cyrus_temple_forest_13
Lair:1:   serial_bayou_shore_b, grunt_megastairs_4
Lair:2:   minivault_11
Lair:3:   cheibrodos_magma_flow, st_stairs_5, bobbens_dragon_lair_wall,
          bh_autumn_forest_stairs
Lair:4:   elwin_shoals_entry_rocks, st_stairs_11, beast_lair_carwin_7,
          grunt_megastairs_3
Lair:5:   beast_lair_carwin_3, infiniplex_staircase_pool_2, lemuel_fruit_tree,
          uniq_josephine
Lair:6:   nicolae_spider_entry_non_spiders, slime_altar_1
Lair:7:   special_room, serial_bayou_shore_b
Lair:8:   grunt_lair_end_beastmaster

Skill      XL: |  1  2  3  4  5  6  7  8  9 10 11 12 13 14 |
---------------+-------------------------------------------+-----
Stealth        | 5 6 7 8 10 11 13 14 15 16 | 16.4
Short Blades   | 2 3 4 5 6 7 9 10 11 | 11.1
Fighting       | 1 2 3 4 5 6 7 8 9 |  9.7
Dodging        | 3 4 5 7 8 9 10 11 | 11.6
Hexes          | 5 6 7 8 10 11 12 14 | 14.8
Spellcasting   | 3 4 5 6 7 8 9 10 | 10.1

Action                   |  1- 3 |  4- 6 |  7- 9 | 10-12 | 13-15 || total
-------------------------+-------+-------+-------+-------+-------++-------
Melee: Dagger            |    61 |   162 |   368 |   615 |   643 ||  1849
       Bite              |     4 |    13 |    35 |    63 |    78 ||   193
 Cast: Ensorcelled Hiber |     5 |    27 |    54 |    93 |    66 ||   245
       Corona            |     1 |       |       |       |       ||     1
       Tukima's Dance    |       |     2 |     1 |       |       ||     3
       Confuse           |       |     4 |    51 |   151 |   105 ||   311
       Dazzling Spray    |       |       |       |     1 |    22 ||    23
Invok: Curse Item        |       |       |     1 |       |       ||     1
 Abil: End Transformatio |       |     1 |       |     2 |       ||     3
       Bat Form          |       |     1 |       |     2 |       ||     3
Evoke: Wand              |       |       |       |       |    12 ||    12
  Use: Potion            |     1 |     7 |     4 |     9 |     7 ||    28
       Scroll            |       |       |       |    11 |     5 ||    16
 Stab: Sleeping          |    13 |    21 |    54 |    86 |    86 ||   260
       Distracted        |       |     1 |       |     2 |     4 ||     7
       Confused          |       |     5 |    29 |    73 |    64 ||   171
       Petrified         |       |       |       |       |     2 ||     2
       Invisible         |       |       |       |       |     7 ||     7
       Petrifying        |       |       |       |       |     1 ||     1
Armor: Robe              |    25 |    45 |    29 |    52 |    51 ||   202
Dodge: Dodged            |    46 |   113 |   186 |   390 |   452 ||  1187
